 Dungeon Crawl Stone Soup version 0.31-a0-190-g4feb4907b2 (webtiles) character file.

Game seed: 8942411829844958791

74 qw the Shooter (level 4, -5/25 HPs)
             Began as a Deep Elf Hunter on June 23, 2023.
             Slain by an iguana (9 damage)
             ... on level 4 of the Dungeon.
             The game lasted 00:00:41 (1915 turns).

qw the Shooter (Deep Elf Hunter)                    Turns: 1915, Time: 00:00:42

Health: -5/25      AC:  5    Str: 10    XL:     4   Next: 9%
Magic:  6/6        EV: 11    Int: 14    God:
Gold:   196        SH:  0    Dex: 18    Spells: 3/3 levels left

rFire   . . .        Y - +0 shortbow
rCold   . . .        (shield currently unavailable)
rNeg    . . .        e - +0 ring mail
rPois   .            (no helmet)
rElec   .            (no cloak)
rCorr   .            (no gloves)
SInv    .            (no boots)
Will    .....        (no amulet)
Stlth   +            (no ring)
HPRegen 0.24/turn    (no ring)
MPRegen 0.10/turn

%: no passive effects
@: no status effects
A: no striking features
a: no special abilities


You were on level 4 of the Dungeon.
You visited 1 branch of the dungeon, and saw 4 of its levels.

You collected 196 gold pieces.


   Skills:
 - Level 1.5 Fighting
 + Level 7.5 Ranged Weapons
 - Level 2.4 Dodging
 - Level 1.2 Stealth


You had 3 spell levels left.
You didn't know any spells.
Your spell library was empty.

Inventory:

Hand Weapons
 Y - a +0 shortbow (weapon)
Armour
 e - a +0 ring mail (worn)
Scrolls
 a - a scroll of identify
Potions
 c - 2 potions of heal wounds
 d - 4 potions of curing
 j - a potion of resistance

Dungeon Overview and Level Annotations

Branches:
Dungeon (4/15)
 Temple: D:4-7

Altars:
Wu Jian
Zin

Annotations:
D:3 1 runed translucent door, qw's ghost, amateur DEHu


Message History

The iguana barely misses you.
You shoot an arrow. The arrow closely misses the iguana.
The iguana barely misses you.
You shoot an arrow. The arrow hits the iguana!
The iguana is heavily wounded.
The iguana closely misses you. x2
You shoot an arrow. The arrow barely misses the iguana.
The iguana bites you!
You shoot an arrow. The arrow hits the iguana.
The iguana is severely wounded.
The iguana bites you!
You shoot an arrow. The arrow barely misses the iguana.
The iguana bites you!
1907 ||| DRINKING 3 potions of heal wounds.
You feel much better. The iguana closely misses you.
You shoot an arrow. The arrow hits the iguana.
The iguana is almost dead.
The iguana barely misses you.
You shoot an arrow. The arrow closely misses the iguana.
The iguana misses you. The iguana bites you!
You shoot an arrow.
The arrow hits the iguana but does no damage.
The iguana is almost dead.
The iguana barely misses you.
You shoot an arrow. The arrow barely misses the iguana.
The iguana bites you.
You shoot an arrow. The arrow barely misses the iguana.
The iguana closely misses you.
You shoot an arrow.
The arrow hits the iguana but does no damage.
The iguana is almost dead.
The iguana barely misses you.
You shoot an arrow.
The arrow hits the iguana but does no damage.
The iguana is almost dead.
The iguana bites you.
You shoot an arrow. The arrow closely misses the iguana.
The iguana bites you! x2
You die...

#.#<# #
####.#.###.#
#....#.....#
#.#.....####
#.#.....#
#.###...+ #.##
#.###...#
##....#..###...#
......l@.........
..###.##..###.####
... ........ ..##
#....#... ..
#....# . #.##...
..# ##.. .. ..


You could see an iguana.

Vanquished Creatures
  2 adders
  2 worms
  3 dart slugs (D:3)
  3 ball pythons
  4 endoplasms
  3 giant cockroaches
  3 goblins (D:1)
  5 hobgoblins (D:1)
  3 jackals (D:2)
  A quokka (D:2)
  2 bats
  A frilled lizard (D:2)
  5 kobolds
  3 rats
40 creatures vanquished.

Notes
Turn   | Place    | Note
-------+----------+-------------------------------------------
     0 | D:1      | qw the Deep Elf Hunter began the quest for the Orb.
     0 | D:1      | Reached XP level 1. HP: 12/12 MP: 3/3
     0 | D:1      | 0 ||| qw: Version: 0.3-a-9-g12657ce
     0 | D:1      | 0 ||| qw: Game counter: 4486
     0 | D:1      | 0 ||| qw: Always use a shield: true
     0 | D:1      | 0 ||| qw: God list: Okawaru
     0 | D:1      | 0 ||| qw: Allow faded altars: false
     0 | D:1      | 0 ||| qw: Do Orc after D:15 true
     0 | D:1      | 0 ||| qw: Do second Lair branch before Depths: true
     0 | D:1      | 0 ||| qw: Lair rune preference: random
     0 | D:1      | 0 ||| qw: Plans: Normal
     0 | D:1      | 0 ||| PLANNING D:1-11
   159 | D:1      | Reached XP level 2. HP: 16/16 MP: 4/4
   193 | D:1      | Reached skill level 6 in Ranged Weapons
   556 | D:1      | 556 ||| UPGRADING to +0 ring mail.
   566 | D:1      | 566 ||| DROPPING +0 leather armour.
   567 | D:1      | 567 ||| DRINKING 2 ruby potions.
   568 | D:1      | 568 ||| DROPPING scroll of butterflies.
   637 | D:2      | Reached XP level 3. HP: 10/20 MP: 5/5
   872 | D:2      | Reached skill level 7 in Ranged Weapons
   876 | D:2      | Found an ornate altar of the Wu Jian Council.
  1079 | D:2      | 1079 ||| READING 4 scrolls labelled RIHIME BYETIAT.
  1080 | D:2      | 1080 ||| READING scroll labelled KIONIL LONO.
  1081 | D:2      | 1081 ||| READING 3 scrolls of identify.
  1081 | D:2      | 1081 ||| IDENTIFYING lumpy white potion
  1123 | D:3      | Found a runed translucent door.
  1123 | D:3      | Noticed qw's ghost (amateur DEHu)
  1151 | D:3      | HP: 2/20 [worm (7)]
  1152 | D:3      | 1152 ||| DRINKING potion of heal wounds.
  1274 | D:3      | 1274 ||| Stepping ~*~*~tactically~*~*~ (outnumbered).
  1276 | D:3      | 1276 ||| Stepping ~*~*~tactically~*~*~ (outnumbered).
  1278 | D:3      | 1278 ||| Stepping ~*~*~tactically~*~*~ (outnumbered).
  1280 | D:3      | 1280 ||| Stepping ~*~*~tactically~*~*~ (outnumbered).
  1415 | D:3      | Found a glowing silver altar of Zin.
  1511 | D:3      | HP: 5/20 [adder (1)]
  1512 | D:3      | 1512 ||| DRINKING 2 potions of heal wounds.
  1514 | D:3      | Reached XP level 4. HP: 23/25 MP: 6/6
  1791 | D:3      | 1791 ||| READING scroll labelled ROIHUE JINUIFF.
  1792 | D:3      | 1792 ||| READING scroll labelled COUTHR UPSI.
  1793 | D:3      | 1793 ||| READING scroll labelled OTET HEIRIYCYG.
  1827 | D:3      | 1827 ||| DRINKING 2 dark potions.
  1850 | D:3      | 1850 ||| DRINKING 2 bubbling black potions.
  1851 | D:3      | 1851 ||| READING 2 scrolls of identify.
  1851 | D:3      | 1851 ||| IDENTIFYING fuming emerald potion
  1852 | D:3      | 1852 ||| DROPPING potion of berserk rage.
  1853 | D:3      | 1853 ||| DROPPING potion of lignification.
  1906 | D:4      | HP: 3/25 [iguana (8)]
  1907 | D:4      | 1907 ||| DRINKING 3 potions of heal wounds.
  1915 | D:4      | HP: 4/25 [iguana (7)]
  1915 | D:4      | Slain by an iguana

Levels and vault maps discovered:
D:1:      wander_arrival_desolate, layout_basic
D:2:      layout_rooms, shapermc_ecumenical_altar_petra, basic_altar
D:3:      layout_loops_ring, zin_statuary, gammafunk_ghost_grave
D:4:      layout_basic, minmay_temple_entry_proselytizer

Skill      XL: |  1  2  3 |
---------------+----------+-----
Ranged Weapons | 6 7 |  7.5
Fighting       | |  1.5
Dodging        | |  2.4
Stealth        | |  1.2

Action                     |  1- 3 |  4- 6 || total
---------------------------+-------+-------++-------
   Fire: Shortbow          |   127 |    18 ||   145
    Use: Potion            |     3 |     3 ||     6
         Scroll            |     3 |     4 ||     7
 Armour: Ring mail         |    23 |       ||    23
         Leather armour    |     3 |       ||     3
  Dodge: Dodged            |    31 |    11 ||    42

Table legend:
 A = Non-vault XP
 B = Vault XP
 C = Vault XP percentage of total XP
 D = Non-vault monster count
 E = Vault monster count
 F = Vault count percentage of total count
                 A         B        C        D         E       F
            +---------+---------+-------+---------+---------+-------
      Total |     106 |       0 |   0.0 |      40 |       0 |   0.0
            +---------+---------+-------+---------+---------+-------
        D:1 |      28 |       0 |   0.0 |      16 |       0 |   0.0
        D:2 |      38 |       0 |   0.0 |      13 |       0 |   0.0
        D:3 |      40 |       0 |   0.0 |      11 |       0 |   0.0
            +---------+---------+-------+---------+---------+-------
